 Dungeon Crawl Stone Soup version 0.18.1-6-gd335043 (webtiles) character file.

105 mopl the Caller (level 4, -7/36 HPs)
             Began as a Tengu Summoner on May 19, 2016.
             Mangled by an orc
             ... wielding a +0 mace
              (8 damage)
             ... on level 3 of the Dungeon.
             The game lasted 00:05:43 (2222 turns).

mopl the Caller (Tengu Summoner)                    Turns: 2222, Time: 00:05:44

Health: -7/36      AC:  2    Str: 13    XL:     4   Next: 83%
Magic:  6/10       EV: 13    Int: 15    God:
Gold:   130        SH:  0    Dex: 16    Spells: 3 memorised, 3 levels left

rFire  . . .     SeeInvis .     a - +2 halberd (freeze)
rCold  . . .     Gourm    .     o - +0 robe
rNeg   . . .     Faith    .     (shield currently unavailable)
rPois  .         Spirit   .     (helmet restricted)
rElec  .         Dismiss  .     (no cloak)
rCorr  .         Reflect  .     (no gloves)
SustAt .         Harm     .     (boots unavailable)
MR     .....                    (no amulet)
Stlth  ..........               (no ring)
                                (no ring)

@: berserking, lethally poisoned (-7 -> -19), very quick, not resistant to
hostile enchantments, extremely unstealthy
A: beak, talons 3
a: no special abilities


You were on level 3 of the Dungeon.
You were hungry.

You visited 1 branch of the dungeon, and saw 3 of its levels.

You collected 130 gold pieces.

Inventory:

Hand Weapons
 a - a +2 halberd of freezing (weapon)
 g - a +0 dagger
Missiles
 d - 18 poisoned needles
Armour
 o - a +0 robe (worn)
Scrolls
 f - a scroll of blinking {unknown}
 j - 2 scrolls of fear
 l - 2 scrolls of identify {unknown}
 m - 2 scrolls of enchant armour {unknown}
 p - a scroll of remove curse {unknown}
Potions
 h - a potion of resistance {unknown}
 i - a potion of cure mutation {unknown}
 k - a potion of magic {unknown}
 n - a potion of heal wounds {unknown}
Books
 b - a book of Callings

   Spells                             Type                      Level
   a - Summon Small Mammal            Summoning                    1
   b - Call Imp                       Summoning                    2
   c - Call Canine Familiar           Summoning                    3
   d - Summon Guardian Golem          Hexes/Summoning              3
   e - Summon Lightning Spire         Summoning/Air                4
   f - Summon Ice Beast               Ice/Summoning                4
Comestibles
 c - a bread ration
 q - a slice of pizza


   Skills:
 - Level 2.1 Dodging
 - Level 2.0 Stealth
 + Level 3.4 Spellcasting
 + Level 6.1 Summonings


You had 3 spell levels left.
You knew the following spells:

 Your Spells              Type           Power        Failure   Level  Hunger
a - Summon Small Mammal   Summ           ###.         1%          1    None
b - Call Imp              Summ           ###.....     1%          2    ##.....
c - Call Canine Familiar  Summ           ###.....     4%          3    ###....


Dungeon Overview and Level Annotations

Branches:
Dungeon (3/15)

Altars:
Fedhas
Yredelemnul


Innate Abilities, Weirdness & Mutations

You have a beak for a mouth.
You have claws for feet.


Message History

The adder is lightly wounded.
You feel sick. The adder bites you but does no damage.
Your crimson imp hits the adder.
Your crimson imp closely misses the adder.
The orc hits you with a mace. The adder bites you.
* * * LOW HITPOINT WARNING * * *
You are more poisoned.
The adder poisons you!
Your crimson imp closely misses the adder. x2
* * * LOW HITPOINT WARNING * * *
You feel sick.
Drink which item? (? for menu, Esc to quit)
It was a potion of berserk rage.
A red film seems to cover your vision as you go berserk!
You feel yourself moving faster!
You feel mighty!
* * * LOW HITPOINT WARNING * * *
You feel sick. The adder bites you.
* * * LOW HITPOINT WARNING * * *
The orc hits you with a mace!
You die...

#.P_PP.. .# #PP.PP.#
.# ###.PP...##.####
#..............# .
#.............##..
#..................##
#.....†.55....# ....#
#......oS.....##.... .
#.......@..#......##.#
#...........###..>..
#............##.#.#
#..........#......#
#..............#..#
########.####..# ...
#.# ##.# # #.# #.# #.#
#..


You could see an adder, an orc and 2 friendly crimson imps.

Vanquished Creatures
  A worm (D:2)
  A dart slug (D:1)
  2 giant geckos (D:1)
  A giant cockroach (D:3)
  5 goblins
  A hobgoblin (D:2)
  A kobold (D:2)
  4 bats (D:1)
  2 giant newts
  A jackal zombie (D:2)
  3 rats
22 creatures vanquished.

Vanquished Creatures (collateral kills)
  Ijyb (D:2)
  2 adders (D:2)
  3 gnolls (D:2)
  3 worms (D:2)
  A dart slug (D:2)
  2 giant geckos (D:2)
  A giant cockroach (D:2)
  6 goblins
  2 hobgoblins (D:2)
  5 jackals
  2 bats
  A giant newt (D:2)
  2 kobolds
  6 rats
37 creatures vanquished.

Grand Total: 59 creatures vanquished

Notes
Turn   | Place    | Note
--------------------------------------------------------------
     0 | D:1      | mopl the Tengu Summoner began the quest for the Orb.
     0 | D:1      | Reached XP level 1. HP: 10/10 MP: 4/4
   104 | D:1      | Reached skill level 5 in Summonings
   249 | D:1      | Reached XP level 2. HP: 9/15 MP: 3/6
   253 | D:1      | Learned a level 2 spell: Call Imp
  1106 | D:2      | Reached XP level 3. HP: 14/19 MP: 2/7
  1740 | D:2      | Learned a level 3 spell: Call Canine Familiar
  1786 | D:2      | Reached XP level 4. HP: 20/24 MP: 4/9
  1788 | D:2      | Reached skill level 3 in Spellcasting
  1803 | D:2      | Reached skill level 6 in Summonings
  1819 | D:2      | Found a basalt altar of Yredelemnul.
  1888 | D:2      | Noticed Ijyb
  1894 | D:2      | Killed Ijyb
  2212 | D:3      | Found a blossoming altar of Fedhas.
  2222 | D:3      | HP: 1/36 [adder (4)]
  2222 | D:3      | Mangled by an orc

Skill      XL: |  1  2  3  4 |
---------------+-------------+-----
Summonings     | 5 6 |  6.1
Spellcasting   | 3 |  3.4
Dodging        | |  2.1
Stealth        | |  2.0

Action                   |  1- 3 |  4- 6 || total
-------------------------+-------+-------++-------
Melee: Unarmed           |     9 |       ||     9
       Dagger            |    58 |     3 ||    61
       Kick              |    14 |     1 ||    15
       Peck              |     5 |     1 ||     6
       Halberd           |       |    15 ||    15
 Cast: Summon Small Mamm |    13 |       ||    13
       Call Imp          |    23 |     3 ||    26
  Use: Scroll            |     2 |       ||     2
       Potion            |       |     1 ||     1
 Stab: Sleeping          |     5 |     2 ||     7
       Distracted        |     1 |       ||     1
  Eat: Chunk             |     4 |     1 ||     5
Armor: Robe              |    19 |     1 ||    20
Dodge: Dodged            |    50 |     9 ||    59
